Map: [ESL] Equilibrium

Players

Harstem

  • Race: Protoss Protoss
  • League: Grandmaster
  • Spawn Location: 11:00

LiquidClem (Clem) - Winner!

  • Race: Terran Terran
  • League: Grandmaster
  • Spawn Location: 1:00

Event: HomeStory Cup XXIV

VOD

Have the link to the VOD?

Description

Time

  • Played on: Dec. 3, 2023, 11:53 a.m.
  • Length: 8:02

All games in this series

Show
View Real Time Build Order
Export as new Build Order

Harstem Protoss 

Build Orders: 1 Gate Expand, Oracle Opening, Phoenix Opening 

Get SALT Encoding   

  12  0:00  Probe  
  13  0:12  Probe  
  14  0:17  Pylon  
  14  0:24  Probe (Chrono Boost)  
  15  0:36  Probe (Chrono Boost)  
  15  0:40  Gateway  
  16  0:45  Assimilator, Probe (Chrono Boost)  
  17  0:51  Probe  
  18  1:03  Probe  
  19  1:15  Probe  
  20  1:27  Cybernetics Core  
  20  1:31  Nexus  
  20  1:38  Pylon  
  20  1:41  Probe  
  20  1:45  Assimilator  
  21  1:56  Probe  
  21  2:00  Adept (Chrono Boost)  
  25  2:08  Probe  
  25  2:20  Adept (Chrono Boost), Probe  
  28  2:31  Stargate  
  28  2:32  Probe  
  29  2:39  Warp Gate  
  29  2:43  Probe (Chrono Boost)  
  30  2:48  Probe (Chrono Boost)  
  31  2:52  Stalker  
  31  2:55  Probe (Chrono Boost)  
  35  3:00  Probe (Chrono Boost)  
  35  3:01  Probe (Chrono Boost)  
  36  3:09  Probe x2  
  38  3:13  Oracle (Chrono Boost), Shield Battery  
  41  3:21  Probe x2  
  41  3:23  Pylon  
  43  3:33  Probe  
  45  3:34  Probe  
  45  3:38  Nexus  
  45  3:42  Pylon  
  45  3:45  Probe  
  45  3:47  Probe  
  47  3:50  Phoenix (Chrono Boost)  
  49  3:56  Gateway  
  49  3:58  Probe  
  50  4:05  Probe  
  51  4:10  Probe  
  51  4:12  Phoenix (Chrono Boost)  
  51  4:13  Pylon  
  54  4:18  Assimilator  
  54  4:27  Stalker  
  54  4:28  Probe  
  54  4:30  Phoenix (Chrono Boost)  
  59  4:33  Probe  
  60  4:39  Cybernetics Core  
  60  4:40  Probe  
  60  4:41  Gateway  
  61  4:50  Stalker  
  63  4:53  Phoenix (Chrono Boost)  
  63  4:54  Probe  
  63  4:55  Probe  
  63  4:56  Probe  
  68  5:06  Probe  
  69  5:07  Gateway, Probe  
  69  5:08  Probe  
  69  5:10  Phoenix  
  73  5:16  Stalker  
  73  5:18  Probe  
  73  5:19  Probe  
  73  5:20  Probe  
  72  5:30  Probe  
  72  5:32  Probe x2  
  72  5:34  Shield Battery  
  73  5:37  Unknown, Stalker  
  73  5:40  Stalker  
  75  5:45  Probe (Chrono Boost)  
  75  5:46  Probe (Chrono Boost)  
  75  5:47  Probe (Chrono Boost)  
  75  5:49  Forge  
  78  5:56  Probe (Chrono Boost)  
  80  5:58  Phoenix  
  80  5:59  Probe (Chrono Boost)  
  80  6:03  Gateway  
  82  6:04  Sentry  
  82  6:08  Gateway, Pylon  
  82  6:11  Gateway  
  84  6:13  Gateway x2  
  84  6:16  Pylon  
  84  6:17  Pylon  
  84  6:24  Photon Cannon  
  84  6:26  Sentry  
  84  6:27  Zealot  
  84  6:30  Pylon  
  84  6:32  Phoenix  
  90  6:33  Probe, Pylon  
  90  6:37  Probe  
  92  6:42  Zealot  
  92  6:43  Robotics Facility  
  94  6:51  Nexus  
  94  6:52  Zealot x2  
  98  6:57  Phoenix  
  98  6:59  Photon Cannon  
  100  7:03  Probe  
  100  7:04  Photon Cannon  
  100  7:10  Zealot x3  
  104  7:20  Zealot x2  
  108  7:26  Twilight Council  
  108  7:28  Sentry, Stalker x2  
  114  7:33  Phoenix  
  114  7:35  Pylon  
  116  7:41  Forge  
  114  7:47  Stalker x4  
  101  7:52  Zealot x2  
Show
View Real Time Build Order
Export as new Build Order

LiquidClem Terran - Winner!

Build Orders:  

Get SALT Encoding   

  12  0:00  SCV  
  13  0:12  SCV  
  14  0:16  Supply Depot  
  14  0:24  SCV  
  15  0:38  SCV  
  15  0:39  Barracks  
  16  0:43  Refinery  
  16  0:50  SCV  
  17  1:02  SCV  
  18  1:14  SCV  
  19  1:27  Orbital Command, Barracks Reactor  
  19  1:38  Command Center  
  19  1:50  Supply Depot  
  19  1:52  SCV  
  20  2:00  Refinery  
  20  2:03  Marine  
  20  2:05  SCV  
  20  2:06  Marine  
  23  2:15  Factory  
  23  2:18  SCV  
  23  2:21  Marine  
  25  2:25  Marine  
  26  2:30  SCV  
  27  2:39  Marine  
  27  2:42  SCV  
  27  2:43  Marine  
  30  2:51  Orbital Command  
  30  2:54  SCV  
  31  2:59  Starport  
  31  3:03  Marine  
  33  3:07  Cyclone  
  33  3:09  SCV  
  33  3:11  Marine  
  36  3:17  SCV  
  37  3:20  Supply Depot  
  37  3:21  SCV  
  37  3:23  Marine  
  39  3:29  Marine, SCV  
  39  3:33  SCV  
  42  3:36  Medivac  
  42  3:39  Cyclone  
  46  3:41  Marine  
  46  3:42  SCV  
  46  3:46  Supply Depot  
  46  3:47  SCV  
  49  3:55  Barracks  
  49  3:57  Marine, SCV  
  49  3:59  SCV, Marine  
  53  4:09  SCV, Supply Depot  
  54  4:11  SCV  
  54  4:12  Factory Tech Lab  
  55  4:17  Supply Depot, Marine  
  55  4:18  Starport Tech Lab, Marine  
  55  4:22  SCV  
  55  4:23  SCV  
  54  4:34  SCV  
  54  4:35  SCV, Marine  
  56  4:42  Barracks  
  56  4:43  Marine  
  54  4:46  SCV  
  54  4:48  SCV  
  54  4:50  Starport Reactor, Factory Reactor  
  56  4:53  Marine, Engineering Bay  
  56  4:54  Stimpack  
  56  4:55  Marine  
  56  4:58  SCV  
  58  5:01  Marine  
  58  5:02  SCV  
  60  5:10  SCV  
  60  5:11  Marine  
  60  5:13  Marine  
  63  5:14  SCV  
  63  5:19  Marine  
  65  5:22  SCV  
  65  5:26  SCV  
  62  5:28  Marine  
  62  5:32  Marauder  
  62  5:34  SCV  
  66  5:35  Widow Mine  
  66  5:36  Medivac, Widow Mine  
  66  5:37  Marine  
  66  5:38  SCV  
  66  5:41  Terran Infantry Weapons Level 1  
  68  5:42  Supply Depot  
  68  5:44  Missile Turret  
  68  5:45  Missile Turret, Refinery  
  68  5:46  Combat Shield, Marine, SCV  
  68  5:48  Marine  
  69  5:50  SCV  
  69  5:56  Marauder, Marine  
  73  5:58  SCV  
  73  6:02  Refinery  
  73  6:03  SCV  
  75  6:05  Supply Depot  
  75  6:07  Marine  
  75  6:09  Armory  
  76  6:13  Marine  
  76  6:15  Widow Mine  
  76  6:16  Supply Depot  
  79  6:19  Marauder  
  79  6:21  SCV x2  
  79  6:24  Widow Mine  
  85  6:26  Marine  
  85  6:27  Marauder, Supply Depot  
  85  6:31  Marine  
  89  6:34  Concussive Shells  
  89  6:40  Marauder  
  89  6:44  Command Center  
  89  6:45  Medivac  
  93  6:51  Supply Depot, Marine x2  
  93  6:52  Medivac  
  97  6:57  Marauder  
  97  6:58  Supply Depot  
  99  7:02  Marauder  
  99  7:04  Widow Mine x2  
  103  7:09  Marine  
  103  7:10  Marine  
  105  7:19  Marauder  
  105  7:20  Medivac  
  107  7:23  Marauder  
  107  7:25  Barracks  
  107  7:26  Barracks  
  107  7:28  Widow Mine, Supply Depot  
  111  7:30  Widow Mine  
  113  7:37  Supply Depot, SCV  
  113  7:39  SCV  
  113  7:40  Marauder, Marine  
  113  7:41  Marine  
Tags
 
Add a new tag
Caveats
  • Supply blocks, unpowered buildings, or Contaminate may cause inaccurate times.
  • Supply counts are checked every 10 seconds.